 Dungeon Crawl Stone Soup version 0.15.0-14-g6bbbb5c (console) character file.

2773 gw the Cleaver (level 9, 0/82 HPs)
             Began as a Deep Dwarf Fighter on Sept 5, 2014.
             Was a Believer of Makhleb.
             Slain by a wyvern zombie (1 damage)
             ... on Level 9 of the Dungeon.
             The game lasted 00:05:03 (6838 turns).

gw the Cleaver (Deep Dwarf Fighter)                 Turns: 6838, Time: 00:05:03

HP   0/82        AC 18     Str 21      XL: 9   Next: 42%
MP  14/14        EV  6     Int  8      God: Makhleb [**....]
Gold 0           SH  0     Dex 15      Spells:  0 memorised,  8 levels left

rFire  . . .     SeeInvis .     v - +0 war axe (flame)
rCold  + + .     Clarity  .     k - +0 plate armour
rNeg   . . .     rCorr    .     (no shield)
rPois  .         rRot     .     (no helmet)
rElec  .         Spirit   .     x - +2 cloak
SustAb .         Warding  .     (no gloves)
rMut   .         Stasis   .     C - +1 pair of boots
Gourm  .                        (no amulet)
MR     +....                    y - ring of protection from cold
                                A - ring of protection from cold

@: non-regenerating, somewhat resistant to hostile enchantments, extremely
unstealthy
A: damage resistance, recharge devices, blink 1, sense surroundings 2, slow
healing 3
a: Device Recharging, Blink, Minor Destruction, Renounce Religion


You were on level 9 of the Dungeon.
You worshipped Makhleb.
Makhleb was pleased with you.
You were not hungry.

You visited 2 branches of the dungeon, and saw 10 of its levels.

Inventory:

Hand weapons
 v - a +0 war axe of flaming (weapon)
Missiles
 e - 3 tomahawks of returning
 g - 132 stones (quivered)
 n - 12 tomahawks
 q - 4 poisoned tomahawks
 w - 8 javelins
Armour
 k - a +0 plate armour (worn)
 x - a +2 cloak (worn)
 C - a +1 pair of boots (worn)
Magical devices
 c - a wand of lightning (6)
 d - a wand of heal wounds (4)
 j - a wand of digging (8)
 l - a wand of polymorph (0) {unknown}
 r - a wand of disintegration (4) {unknown}
 z - a wand of draining (3)
 D - a wand of cold (9)
Comestibles
 a - 2 chunks of orc flesh
 b - 6 meat rations
 f - 7 bread rations
 i - 4 beef jerkies
 p - 9 fruits
 s - 10 slices of pizza
 t - a royal jelly
Scrolls
 h - a scroll of remove curse
 o - 5 scrolls of identify
Jewellery
 y - a ring of protection from cold (right hand)
 A - a ring of protection from cold (left hand)
Potions
 m - 6 potions of curing
 u - 2 potions of haste


   Skills:
 + Level 5.7 Fighting
 * Level 8.9 Axes
 + Level 5.1 Throwing
 + Level 6.8 Armour
   Level 3.2 Shields
 + Level 4.4 Invocations


You had 8 spell levels left.
You didn't know any spells.

Dungeon Overview and Level Annotations

Branches:
Dungeon (9/15)             Temple (1/1) D:6
    Orc: D:9-12        Lair: D:8-11

Altars:
Ashenzari
Cheibriados
Dithmenos
Elyvilon
Fedhas
Kikubaaqudgha
Makhleb
Nemelex Xobeh
Okawaru
Qazlal
Sif Muna
Trog
Vehumet
Xom
Yredelemnul
Zin
The Shining One

Annotations:
D:4 exclusion: downstairs, Prince Ribbit
D:7 exclusion: 2 downstairs


Innate Abilities, Weirdness & Mutations

You are resistant to damage.
You can recharge devices by infusing magical energy.
You passively map the area around you.
You do not heal naturally.
You can translocate small distances at will.


Message History

MOVING TO (0,-8)
The wyvern zombie bites you but does no damage.
MOVING TO (0,-7)
The wyvern zombie bites you!
MOVING TO (0,-6) MOVING TO (0,-5) MOVING TO (0,-4)
The wyvern zombie bites you but does no damage.
MOVING TO (0,-3) MOVING TO (0,-2) MOVING TO (0,-1) MOVING TO (-1,-8)
The wyvern zombie barely misses you.
Found 19 gold pieces.
MOVING TO (-1,-7) MOVING TO (0,-6) MOVING TO (0,-5) MOVING TO (0,-4)
The wyvern zombie bites you.
You die...

, ,,
..#
#.#
*,
#.#
#.#
*
#$#
,
#.#
#.#
*
#.#
,
#g#
* *
#Z#
#Y#
, ,
,,
#.##
* *
#.Y#
.#
##.#
.#
#Y#
.#
#.#
.#
#S#


You could see 3 yaks, an adder and a wyvern zombie.

Table legend:
 A = Turns spent in this place as a percentage of turns spent in the entire game.
 B = Non-inter-level travel turns spent in this place as a percentage of non-inter-level travel turns spent in the entire game.
 C = Inter-level travel turns spent in this place as a percentage of turns spent in this place.
 D = Turns resting spent in this place as a percentage of non-inter-level travel turns spent in this place.
 E = Turns spent auto-exploring this place as a percentage of non-inter-level travel turns spent in this place.
 F = Non-inter-level travel turns spent in this place divided by the number of levels of this place that you've seen.
                   A       B       C       D       E      F
               +-------+-------+-------+-------+-------+----------------------
         Total | 100.0 | 100.0 |   1.6 |   0.0 |  12.9 | 247.7
       Dungeon |  99.0 |  99.0 |   1.6 |   0.0 |  12.7 | 272.4
        Temple |   1.0 |   1.0 |   3.8 |   0.0 |  32.0 |  25.0
               +-------+-------+-------+-------+-------+----------------------

Table legend:
 A = Kills in this place as a percentage of kills in entire the game.
 B = Kills by you in this place as a percentage of kills by you in the entire game.
 C = Kills by friends in this place as a percentage of kills by friends in the entire game.
 D = Other kills in this place as a percentage of other kills in the entire game.
 E = Experience gained in this place as a percentage of experience gained in the entire game.
 F = Experience gained in this place divided by the number of levels of this place that you have seen.
                   A       B       C       D       E      F
               +-------+-------+-------+-------+-------+----------------------
         Total | 100.0 | 100.0 |  -nan |  -nan | 100.0 | 396.2
       Dungeon | 100.0 | 100.0 |  -nan |  -nan | 100.0 | 440.2
               +-------+-------+-------+-------+-------+----------------------

Vanquished Creatures
  A hog (D:7)
  A human (D:7)
  An ice beast (D:5)
  A necrophage (D:7)
  An orc warrior (D:9)
  A sky beast (D:6)
  A phantom (D:4)
  A yellow wasp (D:7)
  Sigmund (D:3)
  Duvessa (D:7)
  4 centaurs
  A giant frog (D:7)
  4 scorpions
  3 killer bees
  Dowan (D:7)
  4 crimson imps
  An iguana (D:9)
  2 orc priests (D:5)
  3 jellies
  6 hounds
  4 orc wizards
  3 sheep (D:7)
  3 worker ants (D:4)
  Jessica (D:2)
  2 ogre skeletons (D:5)
  An orc zombie (D:6)
  8 adders
  A scorpion zombie (D:7)
  A giant mite (D:3)
  3 shadow imps
  3 worms
  4 giant geckos
  4 oozes
  13 orcs
  A ball python (D:1)
  4 giant cockroaches
  11 goblins
  13 hobgoblins
  5 bats
  A giant gecko zombie (D:5)
  3 giant newts
  A goblin zombie (D:5)
  6 jackals
  A jackal zombie (D:6)
  16 kobolds
  A quokka (D:2)
  12 rats
165 creatures vanquished.

Notes
Turn   | Place    | Note
--------------------------------------------------------------
     0 | D:1      | gw, the Deep Dwarf Fighter, began the quest for the Orb.
     0 | D:1      | Reached XP level 1. HP: 20/20 MP: 1/1
   186 | D:1      | Reached XP level 2. HP: 25/27 MP: 2/2
   238 | D:1      | Reached skill level 1 in Throwing
   650 | D:1      | Gained mutation: You can translocate small distances at will. [potion of beneficial mutation]
   745 | D:2      | Reached XP level 3. HP: 28/33 MP: 3/3
   833 | D:2      | Noticed Jessica
   836 | D:2      | Killed Jessica
   839 | D:2      | Reached XP level 4. HP: 29/42 MP: 4/4
   872 | D:2      | Found a radiant altar of Vehumet.
  1278 | D:3      | Reached skill level 4 in Armour
  1283 | D:3      | Reached XP level 5. HP: 43/49 MP: 5/5
  1538 | D:3      | Noticed Sigmund
  1581 | D:3      | Killed Sigmund
  1718 | D:3      | Reached XP level 6. HP: 30/57 MP: 6/6
  1973 | D:4      | Noticed Prince Ribbit
  2366 | D:4      | Reached skill level 5 in Axes
  2622 | D:4      | Reached XP level 7. HP: 31/64 MP: 7/7
  2988 | D:5      | Entered Level 5 of the Dungeon
  3015 | D:4      | Reached skill level 5 in Armour
  3132 | D:5      | Reached skill level 6 in Axes
  3407 | D:5      | Found a glowing golden altar of the Shining One.
  3534 | D:5      | Reached XP level 8. HP: 38/73 MP: 8/8
  4002 | D:6      | Found a staircase to the Ecumenical Temple.
  4010 | Temple   | Entered the Ecumenical Temple
  4178 | Temple   | Became a worshipper of Makhleb the Destroyer
  4387 | D:6      | Reached skill level 1 in Invocations
  4440 | D:6      | Reached skill level 7 in Axes
  4952 | D:7      | Noticed Dowan
  4954 | D:7      | Noticed Duvessa
  5120 | D:7      | Reached skill level 5 in Fighting
  5244 | D:7      | Killed Duvessa
  5250 | D:7      | Killed Dowan
  5376 | D:7      | Acquired Makhleb's first power
  5629 | D:7      | Reached skill level 8 in Axes
  6103 | D:7      | Gained mutation: You passively map the area around you. [level up]
  6103 | D:7      | Reached XP level 9. HP: 28/81 MP: 11/13
  6481 | D:8      | Reached skill level 5 in Throwing
  6499 | D:7      | Paralysed by a yellow wasp for 2 turns
  6566 | D:7      | Paralysed by a yellow wasp for 2 turns
  6728 | D:9      | Acquired Makhleb's second power
  6827 | D:9      | HP: 1/82 [wyvern zombie (4)]
  6838 | D:9      | Slain by a wyvern zombie

Action                   |  1- 3 |  4- 6 |  7- 9 || total
-------------------------+-------+-------+-------++-------
Melee: War axe           |    90 |   157 |   371 ||   618
Throw: Stone             |    60 |   108 |   138 ||   306
Invok: Minor Destruction |       |       |     3 ||     3
 Abil: Device Recharging |       |       |     2 ||     2
Evoke: Wand              |       |     3 |    10 ||    13
  Use: Potion            |     4 |     5 |     4 ||    13
       Scroll            |     4 |     5 |    11 ||    20
  Eat: Chunk             |       |     6 |    14 ||    20

Vault maps used:
D:1:      dpeg_arrival_rooms_with_view, corexii_item_surrounded_by_moat,
          baited_tele_trap
D:2:      vehumet_altar_wand_db, uniq_jessica
D:3:      minmay_close_crescents, uniq_sigmund
D:4:      uniq_prince_ribbit1
D:5:      first_bread, tso_metal_star
D:6:      minmay_temple_entry_overgrown
D:7:      grunt_livestock, uniq_duvessa
D:8:      dpeg_oklobed_lair
Temple:   kilobyte_greek_temple_18
